 Dungeon Sprint DCSS version 0.27-a0-498-g7ecbb0a48f (webtiles) character file.

Game seed: 7362101021340856425

51050 mhtbhm the Executioner (level 14, -7/147 (152) HPs)
             Began as a Minotaur Fighter on Mar 3, 2021.
             Was a High Priest of Trog.
             Killed from afar by an ancient lich (81 damage)
             ... with a crystal spear
             ... in the Dungeon (Sprint VII: "The Pits").
             The game lasted 00:10:58 (3890 turns).

mhtbhm the Executioner (Minotaur Fighter)           Turns: 3890, Time: 00:11:03

HP:   -7/147 (152)  AC: 26    Str: 25    XL:     14   Next: 22%
MP:   13/13         EV: 13    Int: 12    God:    Trog [*****.]
Gold: 71            SH:  0    Dex: 11    Spells: 13/13 levels left

rFire    + . .     SeeInvis .   a - +9 broad axe (vorpal)
rCold    . . .     Faith    .   (no shield)
rNeg     + . .     Spirit   .   b - +3 shadow dragon scales
rPois    +         Reflect  .   (helmet restricted)
rElec    .         Harm     .   (no cloak)
rCorr    .         Rampage  .   r - +0 pair of gloves
Will     +++..     NoTele   +   n - +1 pair of boots
Stlth    +++.......             s - amulet "Ubetuogy" {RegenMP *Corrode rPois rN+ Int+4}
HPRegen  0.34/turn              C - ring "Bicuh" {Wiz rF+ Slay+2}
MPRegen  0.38/turn              B - ring of the Mage {Wiz Will++ Int+3}

@: berserk cooldown, slowed, lightly drained, very slow
A: horns 2, retaliatory headbutt
a: Renounce Religion, Berserk, Trog's Hand, Brothers in Arms


You were in the Dungeon.
You worshipped Trog.
Trog was extremely pleased with you.
You visited 1 branch You collected 71 gold pieces.

Inventory:

Hand Weapons
 a - a +9 vorpal broad axe (weapon)
Missiles
 j - a curare-tipped dart
 m - 24 poisoned darts
Armour
 b - +3 shadow dragon scales (worn)
 c - a +1 tower shield
 n - a +1 pair of boots (worn)
 r - a +0 pair of gloves (worn)
Jewellery
 o - a ring of fire
 s - the amulet "Ubetuogy" (around neck) {RegenMP *Corrode rPois rN+ Int+4}
   (You found it in the Dungeon)

   [amulet of magic regeneration]

   It increases your magic regeneration.
   It affects your intelligence (+4).
   It protects you from poison.
   It protects you from negative energy.
   It may corrode you when you take damage.
 z - a ring of protection from cold
 B - the ring of the Mage (right hand) {Wiz Will++ Int+3}
   (You found it in the Dungeon)

   [ring of wizardry]

   It improves your spell success rate.
   It affects your intelligence (+3).
   It affects your willpower, your defense against some magical effects.
 C - the ring "Bicuh" (left hand) {Wiz rF+ Slay+2}
   (You took it off an ogre mage in the Dungeon)

   [ring of wizardry]

   It improves your spell success rate.
   It affects your accuracy and damage with ranged weapons and melee attacks
   (+2).
   It protects you from fire.
Wands
 y - a wand of mindburst (9) (quivered)
Scrolls
 l - a scroll of summoning
 u - 6 scrolls of identify
 v - 3 scrolls of fear
 w - a scroll of blinking
 x - a scroll of enchant weapon
 D - a scroll of fog
Potions
 d - 4 potions of might
 e - 6 potions of curing
 f - 14 potions of heal wounds
 g - a potion of haste
 h - 4 potions of magic
 i - 5 potions of berserk rage
 k - a potion of invisibility
 p - 4 potions of mutation
 A - 2 potions of flight
Miscellaneous
 t - a lightning rod (4/4)


   Skills:
 + Level 21.6 Fighting
 + Level 24.5 Axes
 + Level 18.3 Armour
 + Level 10.5 Dodging
 - Level 1.3 Stealth
 + Level 21.4 Shields


You had 13 spell levels left.
You didn't know any spells.
Your spell library was empty.

Dungeon Overview and Level Annotations

Branches:
Dungeon (1/1)

Altars:
Ashenzari
Cheibriados
Dithmenos
Elyvilon
Fedhas
Gozag
Hepliaklqana
Kikubaaqudgha
Makhleb
Nemelex Xobeh
Okawaru
Qazlal
Ru
Sif Muna
Trog
Uskayaw
Vehumet
Wu Jian
Xom
Yredelemnul
Zin
The Shining One
Beogh
Jiyva
Lugonu

Annotations:
D Ereshkigal


Innate Abilities, Weirdness & Mutations

You have a pair of horns on your head.
You reflexively headbutt those who attack you in melee.


Message History

The deep elf death mage is almost dead.
You slice the nagaraja!! You slash the ancient lich! You slice the lost soul!!
The ancient lich touches you but does no damage.
Your stone giant hits the ancient lich!
Your deep troll bites the nagaraja!!!
The nagaraja is no longer moving quickly.
The lost soul assumes the form of the nagaraja and becomes anchored to this world!
Your deep troll claws the ghostly nagaraja!
Your deep troll claws the ghostly nagaraja!!
The deep elf annihilator hits your deep troll with a +0 rapier.
The ghostly nagaraja closely misses you. x2
The ancient lich completely misses you.
The deep elf death mage gestures at you while chanting.
The bolt of negative energy hits you!! You partially resist.
You feel drained.
* * * LOW HITPOINT WARNING * * *
The bolt of negative energy hits your stone giant!!!
Your stone giant is drained!
Your stone giant rages.
Your deep troll misses the deep elf annihilator.
Your deep troll barely misses the deep elf annihilator. x2
Unknown command.
You feel much better.
The ancient lich gestures at itself while chanting.
The ancient lich flickers and vanishes!
Your stone giant hits the deep elf death mage.
The deep elf death mage dies!
Trog accepts your kill.
Trog appreciates your killing of a magic user.
The ghostly nagaraja hits you but does no damage.
The ghostly nagaraja barely misses you.
Your deep troll bites the deep elf annihilator!!
Your deep troll claws the deep elf annihilator! x2
The deep elf annihilator gestures at your deep troll while chanting.
The poison arrow hits your deep troll!!!
Your deep troll looks as sick as possible!
Your stone giant rages.
You hear some strange, mumbled words.
A crystal spear appears from out of thin air!
The crystal spear hits you!!!!
Ouch! That really hurt!
You die...

##....####))#....[#..#
(#....#((#..#[[#[.#..#
(##..##(('..#[[#[[#..#
###################''#
# ##''# # ##...# #
##)..## # ##++###)..##
# ......{@[## #
....d#NC.# # #...
##T.+ # ##. ..e# # #.
....# # . ..... #
...#. # ##.###. #


You could see a purple draconian, a ghostly nagaraja (ally target), a deep elf
annihilator (ally target), a friendly stone giant (summoned, berserk, drained)
and a friendly deep troll (summoned, berserk, extremely poisoned).

Vanquished Creatures
  A deep elf blademaster (D)
  Gastronok (D)
  A death cob (D)
  A shadow dragon (D)
  A nagaraja (D)
  2 emperor scorpions (D)
  A spriggan defender (D)
  4 deep elf demonologists (D)
  Azrael (D)
  2 eidola (D)
  An ettin (D)
  A yaktaur captain (D)
  A hydra (D)
  2 vault guards (D)
  A boulder beetle (D)
  2 ogre magi (D)
  A merfolk avatar (D)
  4 two-headed ogres (D)
  A death yak (D)
  A vampire mage (D)
  A sun demon (D)
  A shadow wraith (D)
  A sea snake (shapeshifter) (D)
  A flayed ghost (D)
  A deep troll (D)
  A sea snake (D)
  2 bog bodies (D)
  A wizard (D)
  A phantasmal warrior (D)
  4 orc knights (D)
  2 wolf spiders (D)
  A merfolk siren (D)
  A naga mage (D)
  An efreet (D)
  A rime drake (D)
  A cane toad (D)
  A freezing wraith (D)
  A guardian mummy (D)
  2 red devils (D)
  2 jumping spiders (D)
  2 hornets (D)
  A snapping turtle (D)
  2 redbacks (D)
  A wandering mushroom (D)
  A ynoxinul (D)
  A water elemental (D)
  2 shadows (D)
  A wyvern (D)
  A wraith (D)
  A fire bat (D)
  A basilisk (D)
  A neqoxec (D)
  Edmund (D)
  2 nagas (D)
  A water moccasin (D)
  A floating eye (D)
  A swamp drake (D)
  An ice beast (D)
  4 orc warriors (D)
  A sky beast (D)
  8 ogres (D)
  12 wolves (D)
  2 kobold brigands (D)
  A scorpion (D)
  A wight (D)
  A crimson imp (D)
  A jelly (D)
  A gnoll shaman (D)
  An iron imp (D)
  A hell rat (D)
  2 worker ants (D)
  A mummy (D)
  4 adders (D)
  3 gnolls (D)
  A river rat (D)
  A white imp (D)
  4 ufetubi (D)
  An adder zombie (D)
  An adder skeleton (D)
  An adder simulacrum (D)
  An orc (D)
  A ball python (D)
  A goblin (D)
  6 jackals (D)
  A quokka (D)
  A frilled lizard (D)
  A kobold (D)
144 creatures vanquished.

Vanquished Creatures (collateral kills)
  A shadow dragon (D)
  2 orc warlords (D)
  A purple draconian (D)
  A deep elf death mage (D)
  Harold (D)
  3 naga warriors (D)
  3 vault guards (D)
  A sun demon (D)
  A sea snake (D)
  A naga ritualist (D)
  A deep elf pyromancer (D)
  6 orc knights (D)
  A black mamba (D)
  An efreet (D)
  4 yaktaurs (D)
  A red devil (D)
  A spriggan (D)
  Grum (D)
  A naga (D)
  A floating eye (D)
  3 wolves (D)
  A bat simulacrum (D)
37 creatures vanquished.

Grand Total: 181 creatures vanquished

Notes
Turn   | Place    | Note
-------+----------+-------------------------------------------
     0 | D        | mhtbhm the Minotaur Fighter began the quest for the Orb.
     0 | D        | Reached XP level 1. HP: 19/19 MP: 0/0
    20 | D        | Found a bloodstained altar of Trog.
    20 | D        | Found a shimmering blue altar of Sif Muna.
    20 | D        | Found a viscous altar of Jiyva.
    20 | D        | Found a hazy altar of Hepliaklqana.
    20 | D        | Found an opulent altar of Gozag.
    21 | D        | Found a glowing golden altar of the Shining One.
    21 | D        | Found a glowing silver altar of Zin.
    21 | D        | Found a basalt altar of Yredelemnul.
    21 | D        | Found a shimmering altar of Xom.
    21 | D        | Found an ornate altar of the Wu Jian Council.
    21 | D        | Found a sacrificial altar of Ru.
    21 | D        | Found a stormy altar of Qazlal.
    21 | D        | Found an iron altar of Okawaru.
    21 | D        | Found a sparkling altar of Nemelex Xobeh.
    21 | D        | Found a burning altar of Makhleb.
    21 | D        | Found a blossoming altar of Fedhas.
    21 | D        | Found a white marble altar of Elyvilon.
    21 | D        | Found a shadowy altar of Dithmenos.
    21 | D        | Found a snail-covered altar of Cheibriados.
    23 | D        | Found a radiant altar of Vehumet.
    23 | D        | Found a corrupted altar of Lugonu.
    23 | D        | Found a roughly hewn altar of Beogh.
    25 | D        | Became a worshipper of Trog the Wrathful
    64 | D        | Noticed a worker ant
    69 | D        | Killed a worker ant
    70 | D        | Reached skill level 5 in Fighting
    70 | D        | Reached skill level 3 in Axes
    70 | D        | Reached skill level 5 in Armour
    70 | D        | Reached skill level 5 in Shields
    70 | D        | Reached XP level 2. HP: 29/29 MP: 1/1
    70 | D        | Reached XP level 3. HP: 36/36 MP: 2/2
    84 | D        | Reached * piety under Trog
    93 | D        | Noticed a floating eye
    94 | D        | Noticed a fire bat
    97 | D        | Reached ** piety under Trog
    98 | D        | Killed a floating eye
    98 | D        | Killed a fire bat
    99 | D        | Reached skill level 6 in Axes
    99 | D        | Reached skill level 1 in Dodging
    99 | D        | Reached XP level 4. HP: 48/48 MP: 3/3
    99 | D        | Reached XP level 5. HP: 53/53 MP: 4/4
    99 | D        | Reached XP level 6. HP: 61/61 MP: 5/5
   180 | D        | Reached skill level 7 in Axes
   182 | D        | Reached *** piety under Trog
   258 | D        | Reached **** piety under Trog
   268 | D        | Reached skill level 8 in Axes
   268 | D        | Reached skill level 10 in Shields
   394 | D        | Noticed a water moccasin
   394 | D        | Noticed Edmund
   409 | D        | Killed a water moccasin
   410 | D        | Reached skill level 9 in Axes
   410 | D        | Reached XP level 7. HP: 68/70 MP: 6/6
   415 | D        | Killed Edmund
   415 | D        | Reached ***** piety under Trog
   416 | D        | Reached skill level 10 in Armour
   464 | D        | Noticed a shadow
   464 | D        | Noticed a jumping spider
   470 | D        | Killed a shadow
   471 | D        | Reached skill level 10 in Axes
   472 | D        | Killed a jumping spider
   472 | D        | Received a gift from Trog
   473 | D        | Reached skill level 10 in Fighting
   473 | D        | Reached skill level 11 in Axes
   473 | D        | Reached XP level 8. HP: 79/79 MP: 7/7
   604 | D        | Found a hide-covered altar of Uskayaw.
   604 | D        | Found an ancient bone altar of Kikubaaqudgha.
   604 | D        | Found a broken altar of Ashenzari.
   631 | D        | Noticed Gastronok
   632 | D        | Noticed a red devil
   643 | D        | Killed Gastronok
   644 | D        | Reached skill level 14 in Axes
   644 | D        | Reached skill level 5 in Dodging
   644 | D        | Reached XP level 9. HP: 56/86 MP: 8/8
   654 | D        | Noticed Grum
   654 | D        | Noticed a deep elf pyromancer
   665 | D        | Reached skill level 15 in Axes
   666 | D        | Killed a red devil
   669 | D        | Killed Grum
   672 | D        | Killed a deep elf pyromancer
   672 | D        | Received a gift from Trog
   909 | D        | Noticed a rime drake
   918 | D        | Killed a rime drake
  1130 | D        | Noticed a merfolk avatar
  1131 | D        | Noticed a death yak
  1145 | D        | Killed a death yak
  1146 | D        | Reached skill level 16 in Axes
  1146 | D        | Reached skill level 1 in Stealth
  1146 | D        | Reached XP level 10. HP: 53/97 MP: 9/9
  1154 | D        | Killed a merfolk avatar
  1155 | D        | Reached skill level 15 in Shields
  1327 | D        | Noticed a vampire mage
  1335 | D        | Killed a vampire mage
  1335 | D        | Reached ****** piety under Trog
  1335 | D        | Received a gift from Trog
  1336 | D        | Reached skill level 17 in Axes
  1601 | D        | Received a gift from Trog
  1674 | D        | Noticed a phantasmal warrior
  1680 | D        | Noticed an orc knight
  1684 | D        | Killed a phantasmal warrior
  1685 | D        | Reached skill level 18 in Axes
  1686 | D        | Reached XP level 11. HP: 105/105 MP: 10/10
  1688 | D        | Received a gift from Trog
  1689 | D        | Killed an orc knight
  1747 | D        | Noticed Harold
  1748 | D        | Paralysed by a floating eye for 4 turns
  1754 | D        | Paralysed by a floating eye for 4 turns
  1766 | D        | Killed Harold
  1992 | D        | Received a gift from Trog
  2077 | D        | Noticed a flayed ghost
  2084 | D        | Killed a flayed ghost
  2094 | D        | Reached skill level 19 in Axes
  2335 | D        | Noticed a boulder beetle
  2335 | D        | Noticed a bog body
  2335 | D        | Noticed a bog body
  2341 | D        | Received a gift from Trog
  2349 | D        | Received a gift from Trog
  2349 | D        | Killed a bog body
  2350 | D        | Killed a shadow wraith
  2351 | D        | Received a gift from Trog
  2359 | D        | Killed a bog body
  2369 | D        | Reached skill level 15 in Armour
  2434 | D        | Killed a boulder beetle
  2653 | D        | Noticed a vault guard
  2653 | D        | Noticed an ettin
  2653 | D        | Noticed an eidolon
  2653 | D        | Noticed a wizard
  2653 | D        | Noticed a wolf spider
  2653 | D        | Noticed a wolf spider
  2653 | D        | Noticed a sea snake
  2654 | D        | Found the ring of the Mage {Wiz Will++ Int+3}
  2657 | D        | Killed a vault guard
  2657 | D        | Identified the +8 war axe of Day {vorpal, Str+3 Stlth-}
                  | (Trog gifted it to you in the Dungeon)
  2657 | D        | Received a gift from Trog
  2658 | D        | Reached skill level 20 in Axes
  2663 | D        | Killed an eidolon
  2664 | D        | Reached skill level 15 in Fighting
  2664 | D        | Killed a wolf spider
  2665 | D        | Reached XP level 12. HP: 117/121 MP: 11/11
  2668 | D        | Killed an ettin
  2669 | D        | Received a gift from Trog
  2678 | D        | Got the amulet "Ubetuogy" {RegenMP *Corrode rPois rN+
                  | Int+4}
  2888 | D        | Noticed a two-headed ogre
  2888 | D        | Noticed an eidolon
  2888 | D        | Noticed an emperor scorpion
  2888 | D        | Noticed Azrael
  2892 | D        | Killed Azrael
  2907 | D        | Killed an emperor scorpion
  2915 | D        | Killed an eidolon
  2916 | D        | Reached skill level 21 in Axes
  2916 | D        | Noticed a deep elf demonologist
  2917 | D        | Killed a two-headed ogre
  2921 | D        | Killed a deep elf demonologist
  2921 | D        | Received a gift from Trog
  2921 | D        | Identified the ring "Bicuh" {Wiz rF+ Slay+2}
  2921 | D        | Noticed an ogre mage
  2921 | D        | Noticed an ogre mage
  2925 | D        | Killed an ogre mage
  2926 | D        | Noticed a two-headed ogre
  2929 | D        | Killed an ogre mage
  2929 | D        | Received a gift from Trog
  2930 | D        | Killed a two-headed ogre
  2930 | D        | Noticed a four-headed hydra
  2932 | D        | Noticed a two-headed ogre
  2936 | D        | Killed a two-headed ogre
  2937 | D        | Killed an eight-headed hydra
  2944 | D        | Identified the +5 hand axe of the Past {vorpal, *Slow +Fly
                  | Str+8 SInv} (Trog gifted it to you in the Dungeon)
  2944 | D        | Received a gift from Trog
  2951 | D        | Noticed a two-headed ogre
  2954 | D        | Killed a two-headed ogre
  2955 | D        | Reached XP level 13. HP: 120/134 MP: 12/12
  2959 | D        | Reached skill level 22 in Axes
  2966 | D        | Received a gift from Trog
  2983 | D        | Received a gift from Trog
  3139 | D        | Noticed an orc warlord
  3140 | D        | Noticed a death cob
  3141 | D        | Noticed an orc warlord
  3146 | D        | Killed a death cob
  3146 | D        | Received a gift from Trog
  3160 | D        | Received a gift from Trog
  3164 | D        | Noticed a spriggan defender
  3167 | D        | Killed an orc warlord
  3168 | D        | Reached skill level 23 in Axes
  3169 | D        | Killed an orc warlord
  3171 | D        | Received a gift from Trog
  3172 | D        | Killed a spriggan defender
  3174 | D        | Noticed an emperor scorpion
  3178 | D        | Received a gift from Trog
  3189 | D        | Killed an emperor scorpion
  3359 | D        | Noticed a deep elf blademaster
  3367 | D        | Killed a deep elf blademaster
  3368 | D        | Reached skill level 24 in Axes
  3529 | D        | Noticed a shadow dragon
  3538 | D        | Killed a shadow dragon
  3539 | D        | Reached skill level 10 in Dodging
  3539 | D        | Reached XP level 14. HP: 103/151 MP: 13/13
  3838 | D        | Noticed Ereshkigal
  3859 | D        | Noticed a shadow dragon
  3865 | D        | Noticed a nagaraja
  3866 | D        | Noticed an ancient lich
  3867 | D        | Killed a shadow dragon
  3870 | D        | Noticed a nagaraja
  3872 | D        | Received a gift from Trog
  3884 | D        | Killed a nagaraja
  3884 | D        | Received a gift from Trog
  3889 | D        | Killed a nagaraja
  3890 | D        | Killed from afar by an ancient lich

Illustrated notes

Levels and vault maps discovered:
D:        pitsprint [storerooms_1, entrance_room_1, metal_vault_1, armoury_1,
          mini_pit_1, grid_room_1, main_hall_1, silver_pit, the_coven_1,
          the_vestibule_1, steel_vault_5, golden_pit, hallway_of_sentries,
          crystal_vault_1, iron_vault_1, final_vault]

Skill      XL: |  1  2  3  4  5  6  7  8  9 10 11 12 13 14 |
---------------+-------------------------------------------+-----
Fighting       | 5 8 9 10 11 12 15 18 21 | 21.6
Armour         | 5 8 9 10 11 12 13 15 16 17 18 | 18.3
Shields        | 5 9 10 11 13 14 15 17 18 20 21 | 21.4
Axes           | 3 6 9 11 14 16 18 20 21 24 | 24.5
Dodging        | 1 2 3 5 6 7 8 10 | 10.5
Stealth        | 1 |  1.3

Action                   |  1- 3 |  4- 6 |  7- 9 | 10-12 | 13-15 || total
-------------------------+-------+-------+-------+-------+-------++-------
Melee: Hand axe          |    14 |    41 |    12 |       |       ||    67
       War axe           |     5 |       |       |       |       ||     5
       Headbutt          |     3 |     5 |    16 |    38 |    18 ||    80
       Broad axe         |       |       |    43 |   172 |    94 ||   309
Invok: Berserk           |     1 |       |     2 |     8 |     2 ||    13
       Brothers in Arms  |       |       |     1 |     2 |     9 ||    12
       Trog's Hand       |       |       |       |       |     1 ||     1
  Use: Potion            |       |       |     1 |       |     7 ||     8
       Scroll            |       |       |     1 |       |     1 ||     2
 Stab: Invisible         |       |       |       |       |     8 ||     8
       Distracted        |       |       |       |       |     1 ||     1
       Sleeping          |       |       |       |       |     1 ||     1
Armor: Scale mail        |     9 |    12 |     7 |       |       ||    28
       Chain mail        |       |       |    11 |    53 |    26 ||    90
       Shadow dragon sca |       |       |       |       |    28 ||    28
Dodge: Dodged            |     9 |     5 |    30 |    70 |    45 ||   159
Block: Kite shield       |    13 |    21 |    37 |    99 |    55 ||   225

Table legend: (Time is in decaauts)
 A = Elapsed time spent in this place.
 B = Non-inter-level travel time spent in this place.
 C = Inter-level travel time spent in this place.
 D = Time resting spent in this place.
 E = Time spent auto-exploring this place.
 F = Levels seen in this place.
 G = Mean time per level.
                   A        B        C        D        E       F      G
               +--------+--------+--------+--------+--------+-----+--------+
         Total |   3925 |   3925 |      0 |   2180 |    219 |   1 | 3925.0 |
       Dungeon |   3925 |   3925 |      0 |   2180 |    219 |   1 | 3925.0 |
               +--------+--------+--------+--------+--------+-----+--------+

Top non-repeatable levels by time:
       D: 3925 daAuts
